 Dungeon Crawl Stone Soup version 0.26.1-11-gd32895ea62 (webtiles) character file.

Game seed: 1662956690265522239

47 ClockworkOrrery the Skirmisher (level 3, 0/26 HPs)
             Began as an Octopode Fighter on July 24, 2021.
             Killed from afar by Sigmund (10 damage)
             ... with a magic dart
             ... on level 2 of the Dungeon.
             The game lasted 00:01:05 (770 turns).

ClockworkOrrery the Skirmisher (Octopode Fighter)    Turns: 770, Time: 00:01:06

Health: 0/26       AC:  1    Str: 16    XL:     3   Next: 70%
Magic:  3/3        EV: 11    Int: 10    God:
Gold:   37         SH:  8    Dex: 11    Spells: 2/2 levels left

rFire    . . .     SeeInvis .   a - +0 rapier
rCold    . . .     Faith    .   b - +0 kite shield
rNeg     . . .     Spirit   .   (helmet restricted)
rPois    .         Reflect  .   (no amulet)
rElec    .         Harm     .   (no ring)
rCorr    .         Rampage  .   (no ring)
Will     .....                  (no ring)
Stlth    +++.......             (no ring)
HPRegen  0.08/turn              (no ring)
MPRegen  0.08/turn              (no ring)
                                (no ring)
                                (no ring)

@: no status effects
A: almost no armour, stealthy swim, amphibious, 8 rings, constrict 8, camouflage
1, gelatinous body 1
a: no special abilities


You were on level 2 of the Dungeon.
You visited 1 branch of the dungeon, and saw 2 of its levels.

You collected 37 gold pieces.

Inventory:

Hand Weapons
 a - a +0 rapier (weapon)
Armour
 b - a +0 kite shield (worn)
Jewellery
 i - an uncursed amulet of regeneration {unknown}
Wands
 g - a wand of flame (21)
Scrolls
 d - 4 scrolls of identify {unknown}
 e - a scroll of remove curse {unknown}
 j - a scroll of fear {unknown}
Potions
 c - a potion of might
 f - a potion of degeneration {unknown}
 h - a potion of invisibility {unknown}


   Skills:
 * Level 3.5 Fighting
 + Level 2.3 Short Blades
 + Level 3.2 Dodging
 + Level 1.3 Stealth
 + Level 3.2 Shields
 + Level 0.7 Unarmed Combat


You had 2 spell levels left.
You didn't know any spells.
Your spell library was empty.

Dungeon Overview and Level Annotations

Branches:
Dungeon (2/15)

Altars:

Annotations:
D:2 Sigmund


Innate Abilities, Weirdness & Mutations

You cannot wear most types of armour.
You are very stealthy in the water. (Stealth+)
You are amphibious.
You can wear up to eight rings at the same time.
You can use your tentacles to constrict eight enemies at once.
Your skin changes colour to match your surroundings (Stealth+).
Your rubbery body absorbs attacks. (AC +1, EV +1)


Message History

No target in view!
No target in view!
No target in view!
No target in view!
No target in view!
No target in view!
There is a strange disturbance nearby!
No target in view!
You miss something.
You hear some strange, mumbled words.
A magic dart appears from out of thin air!
The magic dart hits you.
You hit something but do no damage.
You hear some strange, mumbled words.
Something tries to affect you, but you resist.
You puncture something! Your squeeze misses something.
You hear some strange, mumbled words.
A magic dart appears from out of thin air!
The magic dart hits you!
You die...

## ###### .# #..$.#
.######### #....#######
.........####...........
............#......[....
............#....{......
............#...@.......
....................#...
....#+###...............
##....# +...............
##...## #...............
......#+#...............
........................
...........##.......####
....).....# #......


There were no monsters in sight!

Vanquished Creatures
  Jessica (D:2)
  A dart slug (D:2)
  A leopard gecko (D:1)
  3 giant cockroaches (D:1)
  A goblin (D:1)
  2 hobgoblins (D:1)
  4 jackals (D:2)
  2 bats
  A frilled lizard (D:1)
  A rat (D:1)
17 creatures vanquished.

Notes
Turn   | Place    | Note
-------+----------+-------------------------------------------
     0 | D:1      | ClockworkOrrery the Octopode Fighter began the quest for
                  | the Orb.
     0 | D:1      | Reached XP level 1. HP: 16/16 MP: 1/1
   225 | D:1      | Reached XP level 2. HP: 21/21 MP: 2/2
   569 | D:2      | Noticed Jessica
   575 | D:2      | Killed Jessica
   576 | D:2      | Reached skill level 1 in Stealth
   576 | D:2      | Reached XP level 3. HP: 24/26 MP: 3/3
   757 | D:2      | Noticed Sigmund
   770 | D:2      | Killed from afar by Sigmund

Illustrated notes

Levels and vault maps discovered:
D:1:      psy_arrival_wood_between_worlds, layout_rooms
D:2:      layout_basic, serial_curves, eino_curves_01, eino_curves_03,
          eino_curves_02, eino_curves_04, uniq_sigmund, uniq_jessica

Skill      XL: |  1  2 |
---------------+-------+-----
Stealth        | 1 |  1.3
Fighting       | |  3.5
Short Blades   | |  2.3
Dodging        | |  3.2
Shields        | |  3.2
Unarmed Combat | |  0.7

Action                   || total
-------------------------++-------
Melee: Rapier            ||    35
       Constrict         ||     9
       Tentacles         ||     3
 Stab: Sleeping          ||     5
Dodge: Dodged            ||     9
Block: Kite shield       ||    12
